 Dungeon Crawl Stone Soup version 0.28-a0-1506-g3893175d92 (webtiles) character file.

Game seed: 13450000123992805617

73 knot the Chopper (level 4, 14/52 HPs)
             Began as a Demonspawn Berserker on Jan 14, 2022.
             Was a Believer of Trog.
             Quit the game on level 2 of the Dungeon.
             The game lasted 00:00:58 (1328 turns).

knot the Chopper (Demonspawn Berserker)             Turns: 1328, Time: 00:00:58

Health: 14/52      AC:  2    Str: 17    XL:     4   Next: 8%
Magic:  4/4        EV: 12    Int: 10    God:    Trog [**....]
Gold:   70         SH:  0    Dex: 13    Spells: 3/3 levels left

rFire   . . .      SeeInvis .   a - +0 hand axe
rCold   . . .      Faith    .   (no shield)
rNeg    . . .      Spirit   .   b - +0 animal skin
rPois   .          Reflect  .   (helmet restricted)
rElec   .          Harm     .   (no cloak)
rCorr   .          Rampage  .   (no gloves)
Will    .....                   (no boots)
Stlth   ..........              (no amulet)
HPRegen 0.17/turn               (no ring)
MPRegen 0.09/turn               (no ring)

@: berserking, very quick
A: horns 1, ignite blood 1
a: Renounce Religion, Berserk, Trog's Hand


You were on level 2 of the Dungeon.
You worshipped Trog.
Trog was pleased with you.
You visited 1 branch of the dungeon, and saw 2 of its levels.

You collected 70 gold pieces.

Inventory:

Hand Weapons
 a - a +0 hand axe (weapon)
Missiles
 d - 53 stones (quivered)
 h - 37 sling bullets
 j - a throwing net
Armour
 b - a +0 animal skin (worn)
Scrolls
 c - a scroll of vulnerability {unknown}
 e - 2 scrolls of identify {unknown}
 g - a scroll of noise {unknown}
 k - a scroll of teleportation {unknown}
Potions
 f - a potion of attraction {unknown}
 i - a potion of curing {unknown}


   Skills:
 - Level 3.0 Fighting
 + Level 4.5 Axes
 - Level 1.7 Armour
 - Level 1.7 Dodging


You had 3 spell levels left.
You didn't know any spells.
Your spell library contained the following spells:

 Spells                   Type           Power      Damage    Failure   Level
 Freeze                   Ice            0%         1d3       36%         1
 Frozen Ramparts          Ice            0%         1d2       75%         3
 Hailstorm                Conj/Ice       0%         3d3       98%         4


Dungeon Overview and Level Annotations

Branches:
Dungeon (2/15)

Altars:


Innate Abilities, Weirdness & Mutations

You have a pair of small horns on your head.
Your demonic aura sometimes causes spilled blood to erupt in flames.


Message History

The hobgoblin is severely wounded.
The hobgoblin hits you.
You hit the hobgoblin.
You kill the hobgoblin!
Trog accepts your kill.
No target in view!
Found a translucent short sword.
No target in view! 2 gnolls come into view.
A gnoll is wielding a +2 whip of electrocution.
The gnoll shouts!
There are monsters nearby!
A gnoll comes into view. It is wielding a +0 flail.
The gnoll shouts!
You hit the gnoll but do no damage. Your headbutt misses the gnoll.
The gnoll closely misses you.
A red film seems to cover your vision as you go berserk!
You feel yourself moving faster!
You feel mighty! The gnoll hits you with a +0 whip.
The gnoll hits you with a +2 whip of electrocution!
You slash the gnoll!
The gnoll is heavily wounded.
You barely miss the gnoll. You slash the gnoll! The gnoll closely misses you.
The gnoll hits you with a +0 flail! The gnoll misses you.
You hit the gnoll.
You kill the gnoll!
Trog accepts your kill.
You barely miss the gnoll. You hit the gnoll. The gnoll misses you.
The gnoll hits you with a +2 whip of electrocution.
You are too injured to fight recklessly!
You are too injured to fight recklessly!
You barely miss the gnoll. You slash the gnoll!
You kill the gnoll!
Trog accepts your kill.
The gnoll hits you with a +2 whip of electrocution!
* * * LOW HITPOINT WARNING * * *
You have reached level 4!
You feel agile.
Your demonic ancestry asserts itself...
Your blood heats up.
Are you sure you want to abandon this character and quit the game? (Confirm with "yes".)

#....... ........
......# #....#
.....# #######..#.#
#..........### #.
#)@.......)# #.
#..)g##..#.#.# ..
#....##......# .
...###.###.#.#.####
#.. #.............
#. #.###......###>
## . .## ##...#.#
#.##. # #..##.#
#.... #..†#.# #....


You could see a gnoll.

Vanquished Creatures
  2 gnolls (D:2)
  A dart slug (D:1)
  4 ball pythons (D:1)
  A bat (D:1)
  5 endoplasms
  3 giant cockroaches (D:1)
  2 goblins (D:1)
  6 hobgoblins
  6 jackals
  5 kobolds (D:1)
  2 quokkas (D:1)
  2 frilled lizards
  4 rats (D:1)
43 creatures vanquished.

Notes
Turn   | Place    | Note
-------+----------+-------------------------------------------
     0 | D:1      | knot the Demonspawn Berserker began the quest for the Orb.
     0 | D:1      | Reached XP level 1. HP: 18/18 MP: 1/1
    39 | D:1      | Reached skill level 3 in Axes
    49 | D:1      | Gained mutation: You have a pair of small horns on your
                  | head. [demonic ancestry]
    49 | D:1      | Reached XP level 2. HP: 14/24 MP: 2/2
   580 | D:1      | Reached XP level 3. HP: 29/29 MP: 3/3
   648 | D:1      | Reached ** piety under Trog
   743 | D:1      | Reached skill level 4 in Axes
   885 | D:1      | Found a faded altar of an unknown god.
  1328 | D:2      | Gained mutation: Your demonic aura sometimes causes spilled
                  | blood to erupt in flames. [demonic ancestry]
  1328 | D:2      | Reached XP level 4. HP: 14/35 MP: 4/4
  1328 | D:2      | Quit the game

Illustrated notes

Levels and vault maps discovered:
D:1:      dpeg_arrival_pits, layout_rooms, nicolae_ecumenical_snake_handling,
          lemuel_old_faithful
D:2:      layout_loops_cross, minmay_surrounded

Skill      XL: |  1  2  3 |
---------------+----------+-----
Axes           | 3 4 |  4.5
Fighting       | |  3.0
Armour         | |  1.7
Dodging        | |  1.7

Action                   |  1- 3 |  4- 6 || total
-------------------------+-------+-------++-------
Melee: Hand axe          |    98 |       ||    98
       Headbutt          |    11 |       ||    11
       Punch             |     2 |       ||     2
Invok: Berserk           |     3 |       ||     3
 Stab: Sleeping          |     1 |       ||     1
Armor: Animal skin       |    18 |       ||    18
Dodge: Dodged            |    60 |       ||    60

Table legend: (Time is in decaauts)
 A = Elapsed time spent in this place.
 B = Non-inter-level travel time spent in this place.
 C = Inter-level travel time spent in this place.
 D = Time resting spent in this place.
 E = Time spent auto-exploring this place.
 F = Levels seen in this place.
 G = Mean time per level.
                   A        B        C        D        E       F      G
               +--------+--------+--------+--------+--------+-----+--------+
         Total |   1356 |   1315 |     41 |    298 |    818 |   2 |  678.0 |
       Dungeon |   1356 |   1315 |     41 |    298 |    818 |   2 |  678.0 |
               +--------+--------+--------+--------+--------+-----+--------+

Top non-repeatable levels by time:
     D:1: 1114 daAuts
     D:2: 242 daAuts
